 Dungeon Crawl Stone Soup version 0.29.1-1-gd02db6906a (webtiles) character file.

Game seed: 14102015795501019372

379 Descartes the Sneak (level 6, -1/28 HPs)
             Began as a Spriggan Fire Elementalist on Sept 18, 2022.
             Slain by a kobold brigand
             ... wielding a +0 club
              (3 damage)
             ... in a sewer.
             The game lasted 00:07:40 (5690 turns).

Descartes the Sneak (Spriggan Fire Elementalist)    Turns: 5690, Time: 00:07:41

Health: -1/28      AC:  2    Str:  4    XL:     6   Next: 45%
Magic:  10/12      EV: 17    Int: 19    God:
Gold:   210        SH:  5    Dex: 15    Spells: 2/12 levels left

rFire   . . .      SeeInvis +   e - +0 rapier
rCold   . . .      Faith    .   j - +0 buckler
rNeg    . . .      Spirit   .   a - +0 robe
rPois   .          Reflect  .   (helmet restricted)
rElec   .          Harm     .   (no cloak)
rCorr   .          Rampage  .   (gloves unavailable)
Will    +....                   (boots unavailable)
Stlth   +++.......              (no amulet)
HPRegen 0.09/turn               (no ring)
MPRegen 0.13/turn               (no ring)

@: very slightly contaminated, slowed, quick
A: very small, no large weapons, unfitting armour, see invisible, speed 3
a: no special abilities


You were in a sewer.
You visited 1 branch of the dungeon, and saw 5 of its levels.
You also visited: Sewer.

You collected 210 gold pieces.

Inventory:

Hand Weapons
 e - a +0 rapier (weapon)
Missiles
 m - 46 stones
Armour
 a - a +0 robe (worn)
 j - a +0 buckler (worn)
Scrolls
 c - a scroll of blinking
 h - 2 scrolls of teleportation
 i - a scroll of amnesia
 k - a scroll of brand weapon
Potions
 d - 2 potions of haste {unknown}
 g - 2 potions of resistance {unknown}
 l - a potion of heal wounds {unknown}
 n - 2 potions of curing
 o - 2 potions of might {unknown}
 p - 2 potions of mutation {unknown}


   Skills:
 + Level 4.3 Dodging
 + Level 4.9 Stealth
 + Level 1.3 Shields
 + Level 3.9 Spellcasting
 + Level 1.8 Conjurations
 + Level 3.3 Fire Magic
 + Level 2.2 Poison Magic


You had 2 spell levels left.
You knew the following spells:

 Your Spells              Type           Power      Damage    Failure   Level
a - Foxfire               Conj/Fire      52%        2x1d6     10%         1
b - Scorch                Fire           32%        2d6       12%         2
c - Ignite Poison         Fire/Tmut/Pois 10%        N/A       38%         3
d - Olgreb's Toxic Radia  Pois           12%        N/A       75%         4

Your spell library contained the following spells:

 Spells                   Type           Power      Damage    Failure   Level
 Poisonous Vapours        Pois/Air       14%        N/A       28%         2
 Beastly Appendage        Tmut           6%         N/A       30%         1
 Summon Small Mammal      Summ           12%        N/A       30%         1
 Static Discharge         Conj/Air       7%         3-4/arc   30%         2
 Wereblood                Tmut           3%         N/A       41%         2
 Conjure Flame            Conj/Fire      13%        6-21      30%         3
 Inner Flame              Hex/Fire       10%        N/A       41%         3
 Mephitic Cloud           Conj/Pois/Air  8%         N/A       45%         3
 Spider Form              Tmut/Pois      7%         N/A       50%         3
 Call Canine Familiar     Summ           3%         N/A       65%         3
 Summon Guardian Golem    Hex/Summ       3%         N/A       65%         3
 Flame Wave               Conj/Fire      13%        2d6       69%         4
 Sticky Flame             Conj/Fire      13%        2d4       69%         4
 Corpse Rot               Necr/Pois/Air  6%         N/A       91%         4
 Dispel Undead            Necr           3%         3d7       96%         4


Dungeon Overview and Level Annotations

Branches:
Dungeon (5/15)              Sewer (1/1)
 Temple: D:4-7

Altars:

Shops:
D:1 :


Innate Abilities, Weirdness & Mutations

You are very small and have problems with some larger weapons.
You are too small for most types of armour.
You have supernaturally acute eyesight. (SInv)
You cover ground extremely quickly. (Speed+++)


Message History

The curare-tipped dart hits you.
You are poisoned.
You have difficulty breathing.
You feel yourself slow down.
You feel very sick. Magic courses through your body.
* * * LOW HITPOINT WARNING * * *
You feel very sick.
Your magical contamination has completely faded away.
It was a potion of curing.
You feel better.
Casting: Foxfire (safe; 10% risk of failure)
Confirm with . or Enter, or press ? or * to list all spells.
You miscast Foxfire.
You are very lightly contaminated with residual magic.
Nothing appears to happen.
The kobold brigand barely misses you.
The kobold brigand completely misses you.
Unknown command.
Casting: Foxfire (safe; 10% risk of failure)
Confirm with . or Enter, or press ? or * to list all spells.
You conjure some foxfire!
The kobold brigand hits you with a +0 club.
* * * LOW HITPOINT WARNING * * *
Casting: Foxfire (safe; 10% risk of failure)
Confirm with . or Enter, or press ? or * to list all spells.
You conjure some foxfire!
The foxfire hits the kobold brigand.
The kobold brigand is almost dead.
The foxfire hits the kobold brigand but does no damage.
The kobold brigand is almost dead.
The kobold brigand hits you with a +0 club.
* * * LOW HITPOINT WARNING * * *
The kobold brigand misses you.
The foxfire hits the kobold brigand.
The kobold brigand is almost dead.
The foxfire hits the kobold brigand but does no damage.
The kobold brigand is almost dead.
Unknown command.
Casting: Foxfire (safe; 10% risk of failure)
Confirm with . or Enter, or press ? or * to list all spells.
You conjure some foxfire!
The kobold brigand hits you with a +0 club.
You die...

~~~~..~..~~~~~~~~~≈≈≈
≈≈≈~~~~~~~~~~~~~≈≈≈≈≈≈≈≈
≈≈≈≈≈~~~~~~~~~≈≈≈≈≈≈≈≈≈≈
≈≈≈≈~~~..~.~~~~~~≈≈≈≈≈≈≈
~~~~~~......~~..~~~~≈≈≈≈
....~..........~~~.~~~~~
..................~...).
........v..............)
#.....@K......†........
##....v..##............
#...##..#####..†..†###.
∩..# ##..######...## ##
## ##..∩# ##### #####


You could see a kobold brigand (ally target).

Vanquished Creatures
  An ogre (D:4)
  A phantom (D:5)
  2 hounds
  A gnoll (D:1)
  5 adders
  A river rat (Sewer)
  6 worms
  A dart slug (D:4)
  3 orcs
  11 ball pythons
  7 bats
  9 endoplasms
  4 giant cockroaches
  5 goblins
  3 hobgoblins
  3 jackals (D:3)
  11 kobolds
  3 quokkas
  3 frilled lizards
  6 rats
86 creatures vanquished.

Vanquished Creatures (collateral kills)
  2 foxfires
2 creatures vanquished.

Vanquished Creatures (others)
  455 foxfires
455 creatures vanquished.

Grand Total: 543 creatures vanquished

Notes
Turn   | Place    | Note
-------+----------+-------------------------------------------
     0 | D:1      | Descartes the Spriggan Fire Elementalist began the quest
                  | for the Orb.
     0 | D:1      | Reached XP level 1. HP: 9/9 MP: 5/5
   331 | D:1      | Reached XP level 2. HP: 5/13 MP: 0/6
   763 | D:1      | Found Vaxkihag's Book Shop.
  1330 | D:1      | Reached skill level 1 in Conjurations
  1478 | D:2      | Got the Precepts of Impurities
  1569 | D:2      | Reached XP level 3. HP: 16/16 MP: 6/8
  1933 | D:2      | Found a faded altar of an unknown god.
  2063 | D:2      | Reached skill level 1 in Poison Magic
  3049 | D:3      | Reached XP level 4. HP: 21/21 MP: 3/9
  4289 | D:4      | Reached XP level 5. HP: 24/24 MP: 8/11
  4396 | D:4      | Learned a level 2 spell: Scorch
  4400 | D:4      | Learned a level 3 spell: Ignite Poison
  4405 | D:4      | Learned a level 4 spell: Olgreb's Toxic Radiance
  4789 | D:4      | Noticed an ogre
  4803 | D:4      | Killed an ogre
  4804 | D:4      | Reached skill level 1 in Shields
  5087 | D:4      | Reached XP level 6. HP: 17/28 MP: 4/12
  5421 | D:5      | Entered Level 5 of the Dungeon
  5473 | D:5      | Found a glowing drain.
  5482 | Sewer    | Entered a sewer
  5690 | Sewer    | Slain by a kobold brigand

Illustrated notes

Levels and vault maps discovered:
D:1:      amcnicky_arrival_double_pillar, layout_loops_ring, serial_shops,
          nicolae_shop_waterfront, minivault_26, hangedman_decor_riveting,
          minivault_27
D:2:      layout_basic, shapermc_ecumenical_altar_mp_urbaneastern,
          mrwooster_statue_mirror
D:3:      layout_basic
D:4:      minmay_chambers_of_threes, layout_rooms, serial_corexii_hall,
          chequers_hall_statues_wall_a, corexii_hall_statues_x
D:5:      layout_cave_pools, okawaru_altar_gauntlet_db,
          minmay_temple_entry_mist, cheibrodos_sewer_entry_drain,
          kennysheep_crisscross, minmay_misc_feat_iff,
          chequers_hall_statues_wall_a, minmay_misc_feat_diagonals
Sewer:    sewer_minmay_treatment

Skill      XL: |  1  2  3  4  5  6 |
---------------+-------------------+-----
Dodging        | 3 4 |  4.3
Spellcasting   | 3 |  3.9
Conjurations   | 1 |  1.8
Poison Magic   | 1 2 |  2.2
Stealth        | 4 |  4.9
Fire Magic     | 3 |  3.3
Shields        | 1 |  1.3

Action                   |  1- 3 |  4- 6 || total
-------------------------+-------+-------++-------
Melee: Unarmed           |     2 |       ||     2
       Rapier            |     1 |     2 ||     3
 Cast: Foxfire           |   135 |   152 ||   287
  Use: Scroll            |       |     4 ||     4
       Potion            |       |     2 ||     2
Armor: Robe              |     2 |       ||     2
Dodge: Dodged            |    15 |     5 ||    20
Block: Buckler           |       |     4 ||     4
